 Dungeon Crawl Stone Soup version 0.29-a0-813-g4a14ea37d6 (webtiles) character file.

Game seed: 12707953165828816250

94 LynnLen the Sneak (level 4, 0/22 HPs)
             Began as a Vampire Enchanter on July 4, 2022.
             Slain by Sigmund
             ... wielding a +2 scythe of protection
              (5 damage)
             ... on level 3 of the Dungeon.
             The game lasted 00:19:49 (3273 turns).

LynnLen the Sneak (Vampire Enchanter)               Turns: 3273, Time: 00:19:49

Health: 0/22       AC:  3    Str:  7    XL:     4   Next: 38%
Magic:  7/7        EV: 11    Int: 19    God:
Gold:   172        SH:  0    Dex:  9    Spells: 6/7 levels left

rFire   . . .      SeeInvis +   j - +6 hand axe of Xocs {flame, rPois rC+ rN++ Dex-5}
rCold   + . .      Faith    .   (no shield)
rNeg    + + .      Spirit   .   l - +0 leather armour
rPois   +          Reflect  .   (no helmet)
rElec   .          Harm     .   (no cloak)
rCorr   .          Rampage  .   (no gloves)
Will    .....                   (no boots)
Stlth   ++........              (no amulet)
HPRegen 0.27/turn               (no ring)
MPRegen 0.10/turn               (no ring)

@: healing quickly, invisible
A: alive, fangs 3, see invisible, vampiric 2, [frail 3]
a: Exsanguinate


You were on level 3 of the Dungeon.
You visited 1 branch of the dungeon, and saw 3 of its levels.

You collected 172 gold pieces.

Inventory:

Hand Weapons
 i - a +0 short sword
 j - the +6 hand axe of Xocs (weapon) {flame, rPois rC+ rN++ Dex-5}
   (You found it on level 3 of the Dungeon)

   It burns those it strikes, dealing additional fire damage.
   Big, fiery blades are also staple armaments of hydra-hunters.
   Dex:       It affects your dexterity (-5).
   rC:        It protects you from cold.
   rPois:     It protects you from poison.
   rN:        It greatly protects you from negative energy.
Missiles
 h - 6 boomerangs (quivered)
 m - 5 poisoned darts
Armour
 b - a +0 robe
 l - a +0 leather armour (worn)
Jewellery
 f - an amulet of faith
Wands
 a - a wand of flame (21)
Scrolls
 e - a scroll of amnesia
 g - a scroll of fog
 k - a scroll of vulnerability {unknown}
Potions
 c - a potion of invisibility
 d - a potion of brilliance


   Skills:
 * Level 1.1 Fighting
 + Level 1.6 Short Blades
 + Level 2.6 Dodging
 * Level 5.5 Stealth
 + Level 2.2 Spellcasting
 * Level 1.0 Conjurations
 - Level 4.5 Hexes
 * Level 1.0 Fire Magic


You had 6 spell levels left.
You knew the following spells:

 Your Spells              Type           Power      Damage    Failure   Level
a - Foxfire               Conj/Fire      24%        2x1d5     16%         1

Your spell library contained the following spells:

 Spells                   Type           Power      Damage    Failure   Level
 Confusing Touch          Hex            19%        N/A       12%         3
 Tukima's Dance           Hex            19%        N/A       12%         3
 Ensorcelled Hibernation  Hex/Ice        20%        N/A       14%         2
 Dazzling Flash           Conj/Hex       24%        N/A       24%         3
 Inner Flame              Hex/Fire       12%        N/A       24%         3
 Conjure Flame            Conj/Fire      6%         6-21      43%         3
 Flame Wave               Conj/Fire      6%         2d5       85%         4


Dungeon Overview and Level Annotations

Branches:
Dungeon (3/15)

Altars:
Qazlal
Ru

Shops:
D:2 :

Annotations:
D:3 Sigmund


Innate Abilities, Weirdness & Mutations

Your natural rate of healing is accelerated.
You have razor-sharp teeth.
You have supernaturally acute eyesight. (SInv)
You are afflicted with vampirism and can become a bat while bloodless.
[You are extremely frail. (-30% HP)]


Message History

Sigmund is severely wounded.
Sigmund barely misses you.
You hit Sigmund. You burn Sigmund.
Sigmund is almost dead.
Sigmund closely misses you.
You barely miss Sigmund.
Sigmund is almost dead.
Sigmund hits you with a +2 scythe of protection!
Ouch! That really hurt!
* * * LOW HITPOINT WARNING * * *
You fade into invisibility!
Sigmund barely misses you.
You hit Sigmund but do no damage.
Sigmund is almost dead.
Sigmund barely misses you.
You barely miss Sigmund.
Sigmund is almost dead.
You barely miss Sigmund.
Sigmund is almost dead.
Sigmund barely misses you.
You barely miss Sigmund.
Sigmund is almost dead.
Sigmund barely misses you.
You hit Sigmund but do no damage.
Sigmund is almost dead.
Sigmund closely misses you.
You closely miss Sigmund. You bite Sigmund.
Sigmund is almost dead.
Sigmund shouts!
Sigmund hits you with a +2 scythe of protection.
* * * LOW HITPOINT WARNING * * *
You hit Sigmund but do no damage.
Sigmund is almost dead.
You closely miss Sigmund.
Sigmund is almost dead.
Sigmund barely misses you.
You closely miss Sigmund.
Sigmund is almost dead.
Sigmund hits you with a +2 scythe of protection.
You die...

...# #..............# ...####
#..............#### ......#
#...........[.....
.###...##...............#
.#####.................# ....#
.#..............# .##.##
#.....#†##..)########### .##..##.
......)....####......... ........
..#####@##.####......... .###.###
#@##.............. .#
#..##########.######.....)....
#####............................
##.......#####.##.#....#.........
##.###########.##.#....#.........
##.#######.............#....<....
##..##.....###.##.##.###.........
..........## #..#.#..# ##########


You could see Sigmund (unable to see you).

Vanquished Creatures
  2 adders
  2 worms (D:2)
  2 dart slugs
  2 orcs (D:3)
  12 ball pythons
  2 endoplasms
  6 giant cockroaches
  4 goblins (D:2)
  3 hobgoblins
  4 jackals (D:2)
  8 kobolds
  2 quokkas
  4 bats
  3 frilled lizards
  2 rats (D:2)
58 creatures vanquished.

Vanquished Creatures (others)
  52 foxfires
52 creatures vanquished.

Grand Total: 110 creatures vanquished

Notes
Turn   | Place    | Note
-------+----------+-------------------------------------------
     0 | D:1      | LynnLen the Vampire Enchanter began the quest for the Orb.
     0 | D:1      | Reached XP level 1. HP: 13/13 MP: 3/3
    38 | D:1      | Found a faded altar of an unknown god.
   234 | D:1      | Reached XP level 2. HP: 12/13 MP: 5/5
   239 | D:1      | Reached skill level 5 in Stealth
   347 | D:1      | Learned a level 1 spell: Foxfire
   956 | D:2      | Found Murev's Book Shoppe.
  1230 | D:2      | Gained mutation: You are afflicted with vampirism and can
                  | become a bat while bloodless. [Vampire growth]
  1230 | D:2      | Reached XP level 3. HP: 16/20 MP: 4/6
  1506 | D:2      | Reached skill level 1 in Fighting
  2220 | D:2      | Reached XP level 4. HP: 22/22 MP: 7/7
  2477 | D:3      | Identified the +6 hand axe of Xocs {flame, rPois rC+ rN++
                  | Dex-5}
  2880 | D:3      | Found a stormy altar of Qazlal.
  2880 | D:3      | Found a sacrificial altar of Ru.
  2904 | D:3      | Noticed Sigmund
  3173 | D:3      | Reached skill level 1 in Fire Magic
  3185 | D:3      | Reached skill level 1 in Conjurations
  3273 | D:3      | Slain by Sigmund

Illustrated notes

Levels and vault maps discovered:
D:1:      dpeg_arrival_arbitrary_c, layout_basic,
          nicolae_ecumenical_snake_handling
D:2:      layout_basic, serial_shops, shop_statue, minmay_box_of_dots
D:3:      layout_rooms, chequers_temple_overflow_statue_of_worship,
          uniq_sigmund, uniq_robin

Skill      XL: |  1  2  3  4 |
---------------+-------------+-----
Stealth        | 5 |  5.5
Fighting       | 1 |  1.1
Fire Magic     | 1 |  1.0
Conjurations   | 1 |  1.0
Short Blades   | |  1.6
Dodging        | |  2.6
Spellcasting   | |  2.2
Hexes          | |  4.5

Action                   |  1- 3 |  4- 6 || total
-------------------------+-------+-------++-------
Melee: Dagger            |    35 |       ||    35
       Bite              |    13 |     5 ||    18
       Short sword       |    91 |    28 ||   119
       Punch             |     1 |       ||     1
       Hand axe          |       |    22 ||    22
Throw: Throwing net      |       |     1 ||     1
 Cast: Foxfire           |    31 |     9 ||    40
 Abil: Exsanguinate      |     4 |     4 ||     8
       Revivify          |     4 |     4 ||     8
Evoke: Wand              |     1 |       ||     1
  Use: Scroll            |     2 |     5 ||     7
       Potion            |     4 |     1 ||     5
 Stab: Sleeping          |     8 |       ||     8
       Distracted        |       |     1 ||     1
Armor: Robe              |    24 |       ||    24
       Leather armour    |       |    10 ||    10
Dodge: Dodged            |   102 |    37 ||   139

Table legend: (Time is in decaauts)
 A = Elapsed time spent in this place.
 B = Non-inter-level travel time spent in this place.
 C = Inter-level travel time spent in this place.
 D = Time resting spent in this place.
 E = Time spent auto-exploring this place.
 F = Levels seen in this place.
 G = Mean time per level.
                   A        B        C        D        E       F      G
               +--------+--------+--------+--------+--------+-----+--------+
         Total |   3280 |   3280 |      0 |    542 |    841 |   3 | 1093.3 |
       Dungeon |   3280 |   3280 |      0 |    542 |    841 |   3 | 1093.3 |
               +--------+--------+--------+--------+--------+-----+--------+

Top non-repeatable levels by time:
     D:2: 1650 daAuts
     D:1: 943 daAuts
     D:3: 686 daAuts
